 Dungeon Crawl Stone Soup version 0.28-a0-1513-ge4f4046303 (webtiles) character file.

Game seed: 8503785106411529926

1658 Lekart the Skirmisher (level 8, -9/71 HPs)
             Began as a Yellow Draconian Abyssal Knight on Jan 16, 2022.
             Was a Priest of Lugonu.
             Mangled by a four-headed hydra (12 damage)
             ... on level 7 of the Dungeon.
             The game lasted 00:12:22 (6800 turns).

Lekart the Skirmisher (DrAK)                        Turns: 6800, Time: 00:12:22

Health: -9/71      AC:  6    Str: 16    XL:     8   Next: 68%
Magic:  9/9        EV: 13    Int: 11    God:    Lugonu [***...]
Gold:   458        SH:  0    Dex: 13    Spells: 7/7 levels left

rFire   . . .      SeeInvis .   t - +5 great sword (freeze)
rCold   . . .      Faith    .   (shield currently unavailable)
rNeg    . . .      Spirit   .   (armour unavailable)
rPois   .          Reflect  .   (helmet restricted)
rElec   .          Harm     .   (no cloak)
rCorr   +          Rampage  .   (no gloves)
Will    .....                   (no boots)
Stlth   ++........              p - amulet of regeneration
HPRegen 1.01/turn               e - ring of flight
MPRegen 0.11/turn               (no ring)

@: flying
A: spit acid, AC +6, unfitting armour, cold-blooded, acid resistance
a: Breathe Acid, Renounce Religion, Depart the Abyss, Bend Space, Banish


You were on level 7 of the Dungeon.
You worshipped Lugonu.
Lugonu was most pleased with you.
You visited 1 branch of the dungeon, and saw 7 of its levels.
You visited the Abyss 1 time.

You collected 458 gold pieces.

Inventory:

Hand Weapons
 a - a +1 falchion
 i - a +0 short sword of speed
 m - the +6 falchion of the Slashing Madman {vorpal, rElec rF+ Str-5 Stlth+}
   (You found it on level 5 of the Dungeon)

   It inflicts extra damage upon your enemies.
   Str:       It affects your strength (-5).
   rF:        It protects you from fire.
   rElec:     It insulates you from electricity.
   Stlth:     It makes you more stealthy.
 t - a +5 great sword of freezing (weapon)
Jewellery
 e - a ring of flight (left hand)
 p - an amulet of regeneration (around neck)
Wands
 f - a wand of iceblast (15)
 r - a wand of paralysis (8)
Scrolls
 b - a scroll of fog {unknown}
 c - a scroll of identify
 j - a scroll of immolation
 l - a scroll of fear
Potions
 d - a potion of flight
 g - 2 potions of magic
 h - a potion of mutation {unknown}
 o - a potion of curing
 s - 2 potions of attraction


   Skills:
 + Level 6.6 Fighting
 + Level 5.4(6.5) Short Blades
 + Level 5.3(6.4) Long Blades
 + Level 4.5 Dodging
 + Level 3.7 Stealth
 + Level 2.1 Invocations
 + Level 0.6 Evocations


You had 7 spell levels left.
You didn't know any spells.
Your spell library contained the following spells:

 Spells                   Type           Power      Damage    Failure   Level
 Ignite Poison            Fire/Tmut/Pois 0%         N/A       71%         3
 Mephitic Cloud           Conj/Pois/Air  0%         N/A       71%         3
 Freezing Cloud           Conj/Ice/Air   0%         6-21      100%        5


Dungeon Overview and Level Annotations

Branches:
Dungeon (7/15)
 Temple: D:4-7

Altars:
Ashenzari
Cheibriados
Elyvilon
Hepliaklqana
Makhleb
Ru
Sif Muna

Annotations:
D:2 Natasha
D:3 exclusion: 2 downstairs
D:6 2 transporters, Vbesf's ghost, novice GnWn


Innate Abilities, Weirdness & Mutations

You can spit globs of acid.
Your golden yellow scales are hard. (AC +6)
You cannot fit into any form of body armour.
You are cold-blooded and may be slowed by cold attacks.
You are resistant to acid. (rCorr)


Message History

The four-headed hydra roars!
The four-headed hydra moves out of view.
Found 13 gold pieces.
Found two stone staircases leading down and a stone staircase leading up.
You hit the orc. You freeze the orc.
You kill the orc!
Lugonu accepts your kill.
You see here a +0 war axe.
Press: ? - help, Shift-Dir - straight line, f - four-headed hydra
Aim: a four-headed hydra (chance to affect: 48%)
You fail to use your ability.
The four-headed hydra bites you!
The four-headed hydra bites you but does no damage. x3
Press: ? - help, Shift-Dir - straight line, f/p - four-headed hydra
Aim: a four-headed hydra (chance to affect: 48%)
You fail to use your ability.
The four-headed hydra closely misses you.
The four-headed hydra misses you. The four-headed hydra bites you!
The four-headed hydra bites you.
Press: ? - help, Shift-Dir - straight line, f/p - four-headed hydra
Aim: a four-headed hydra (chance to affect: 48%)
You fail to use your ability.
The four-headed hydra bites you!
The four-headed hydra completely misses you.
The four-headed hydra bites you! x2
* * * LOW HITPOINT WARNING * * *
Press: ? - help, Shift-Dir - straight line, f/p - four-headed hydra
Aim: a four-headed hydra (chance to affect: 48%)
You fail to use your ability.
The four-headed hydra bites you!
* * * LOW HITPOINT WARNING * * *
The four-headed hydra closely misses you.
The four-headed hydra bites you but does no damage.
The four-headed hydra misses you.
Press: ? - help, Shift-Dir - straight line, f/p - four-headed hydra
Aim: a four-headed hydra (chance to affect: 48%)
You fail to use your ability.
The four-headed hydra bites you.
* * * LOW HITPOINT WARNING * * *
The four-headed hydra bites you but does no damage.
The four-headed hydra bites you.
* * * LOW HITPOINT WARNING * * *
The four-headed hydra bites you!
You die...

..#≈.≈≈#.......≈..≈.≈.
..#≈≈≈≈#.##...........
..#≈≈≈≈#..#..#........
#.##≈≈≈#.....##......
#.###≈##.........# ###
#≈##..####...# ####..#
#..## .#.
#..###.#..###.....
#.........@.......
...........D......
#####.........>.$>.
#.......#......
#...=.####...<. +...#.
##..# #####. ..# #. ##


You could see a four-headed hydra.

Vanquished Creatures
  Eustachio (D:4)
  A water moccasin (D:6)
  A hornet zombie (D:7)
  An ogre (D:4)
  A necrophage (D:5)
  2 phantoms
  A centaur (D:6)
  2 scorpions (D:6)
  A water moccasin zombie (D:6)
  A wyvern skeleton (D:3)
  4 wights (D:4)
  A quasit (Abyss:1)
  A bullfrog zombie (D:5)
  2 hounds
  2 jellies (D:6)
  5 orc priests
  Natasha (twice) (D:3 D:2)
  2 hound skeletons (D:4)
  7 adders
  A shadow imp (D:6)
  A white imp (D:6)
  An adder skeleton (D:4)
  2 worms (D:2)
  3 dart slugs
  12 orcs
  5 endoplasms
  2 giant cockroaches (D:3)
  9 goblins
  4 hobgoblins
  A quokka (D:3)
  6 ball pythons
  A bat (D:2)
  4 frilled lizards
  8 kobolds
  4 rats
102 creatures vanquished.

Vanquished Creatures (others)
  5 toadstools (D:1)
5 creatures vanquished.

Grand Total: 107 creatures vanquished

Notes
Turn   | Place    | Note
-------+----------+-------------------------------------------
     0 | Abyss:1  | Lekart the Draconian Abyssal Knight began the quest for the
                  | Orb.
     0 | Abyss:1  | Reached XP level 1. HP: 19/19 MP: 2/2
    10 | Abyss:1  | Found a corrupted altar of Lugonu.
    58 | Abyss:1  | Noticed a quasit
    72 | Abyss:1  | Killed a quasit
    77 | D:1      | Escaped the Abyss
   720 | D:1      | Found a faded altar of an unknown god.
   876 | D:2      | Reached XP level 2. HP: 25/27 MP: 3/3
   956 | D:2      | Reached skill level 4 in Fighting
  1183 | D:2      | Reached XP level 3. HP: 6/33 MP: 4/4
  1497 | D:2      | Reached ** piety under Lugonu
  2229 | D:3      | Noticed Natasha
  2245 | D:3      | Killed Natasha
  2246 | D:3      | Reached XP level 4. HP: 17/41 MP: 5/5
  2492 | D:3      | Noticed Natasha
  2524 | D:2      | Killed Natasha
  2525 | D:2      | Reached skill level 5 in Fighting
  2685 | D:3      | Reached skill level 1 in Stealth
  2685 | D:3      | Reached XP level 5. HP: 17/48 MP: 6/6
  2960 | D:3      | Found a sacrificial altar of Ru.
  3181 | D:2      | Noticed Natasha
  3470 | D:3      | Found a snail-covered altar of Cheibriados.
  3546 | D:3      | Reached skill level 1 in Short Blades
  3903 | D:4      | Noticed a phantom
  4009 | D:4      | Noticed an ogre
  4013 | D:4      | Killed an ogre
  4014 | D:4      | Reached XP level 6. HP: 56/56 MP: 7/7
  4068 | D:4      | Found a large runed translucent door.
  4069 | D:4      | Found a large runed translucent door.
  4162 | D:4      | Found a shimmering blue altar of Sif Muna.
  4421 | D:4      | Your scales start taking on a golden yellow colour.
  4421 | D:4      | Reached XP level 7. HP: 46/61 MP: 8/8
  4421 | D:4      | Gained mutation: You are resistant to acid. (rCorr) [Yellow
                  | Draconian growth]
  4450 | D:4      | Reached *** piety under Lugonu
  4476 | D:5      | Entered Level 5 of the Dungeon
  4877 | D:5      | Identified the +6 falchion of the Slashing Madman {vorpal,
                  | rElec rF+ Str-5 Stlth+}
  5210 | D:5      | Found a white marble altar of Elyvilon.
  5470 | D:4      | Noticed Eustachio
  5484 | D:4      | Killed Eustachio
  5485 | D:4      | Reached skill level 5 in Short Blades
  5547 | D:4      | Reached skill level 6 in Fighting
  5565 | D:4      | Reached XP level 8. HP: 40/70 MP: 9/9
  5711 | D:4      | Found a burning altar of Makhleb.
  5799 | D:4      | Found a hazy altar of Hepliaklqana.
  5811 | D:4      | Found a broken altar of Ashenzari.
  6222 | D:6      | Noticed a cyclops
  6269 | D:6      | Noticed Vbesf's ghost (novice GnWn)
  6270 | D:6      | Found a transporter.
  6273 | D:6      | Found a transporter.
  6630 | D:6      | Reached skill level 5 in Long Blades
  6792 | D:7      | Noticed a four-headed hydra
  6800 | D:7      | HP: 3/71 [four-headed hydra (6)]
  6800 | D:7      | Mangled by a four-headed hydra

Illustrated notes

Levels and vault maps discovered:
D:1:      wander_arrival_fairy_ring, layout_rooms,
          shapermc_ecumenical_altar_flowoftime, minmay_gold_behind_fungi
D:2:      layout_basic, minmay_pentomino_r2
D:3:      layout_loops_ring, mainiacjoe_overflow_brackets,
          amcnicky_altar_gilded, uniq_natasha
D:4:      layout_cave_pools, kennysheep_mini_moat,
          mainiacjoe_overflow_cross_hatched, jmf_multi_god_temple2,
          uniq_eustachio
D:5:      layout_loops_ring, nicolae_elyvilon_temple_path
D:6:      layout_basic, gammafunk_ghost_arena
D:7:      layout_cave_pools, minmay_temple_entry_antechambers, serial_rivers,
          chequers_serial_rivers_room_a, chequers_serial_rivers_large_b,
          chequers_serial_rivers_large_a, chequers_serial_rivers_room_a,
          chequers_serial_rivers_micro_c, chequers_serial_rivers_room_b,
          minmay_misc_feat_tiny, uniq_maggie, uniq_joseph

Skill      XL: |  1  2  3  4  5  6  7  8 |
---------------+-------------------------+-----
Fighting       | 4 5 6 |  6.6
Dodging        | 3 4 |  4.5
Stealth        | 1 2 3 |  3.7
Short Blades   | 2 3 5 |  5.4
Long Blades    | 3 5 |  5.3
Invocations    | |  2.1
Evocations     | |  0.6

Action                   |  1- 3 |  4- 6 |  7- 9 || total
-------------------------+-------+-------+-------++-------
Melee: Falchion          |    52 |       |    48 ||   100
       Punch             |     3 |     4 |       ||     7
       Tailslap          |    13 |    34 |    14 ||    61
       Short sword       |    58 |   166 |    33 ||   257
       Great sword       |       |       |    36 ||    36
 Abil: Breathe Acid      |       |       |     1 ||     1
Evoke: Wand              |     1 |     3 |       ||     4
  Use: Potion            |     2 |       |       ||     2
       Scroll            |     4 |     1 |     8 ||    13
 Stab: Sleeping          |       |     2 |     7 ||     9
Armor: Skin              |    31 |    38 |    30 ||    99
Dodge: Dodged            |    78 |    59 |    78 ||   215

Table legend: (Time is in decaauts)
 A = Elapsed time spent in this place.
 B = Non-inter-level travel time spent in this place.
 C = Inter-level travel time spent in this place.
 D = Time resting spent in this place.
 E = Time spent auto-exploring this place.
 F = Levels seen in this place.
 G = Mean time per level.
                   A        B        C        D        E       F      G
               +--------+--------+--------+--------+--------+-----+--------+
         Total |   6753 |   6447 |    306 |   1584 |   3739 |   8 |  844.1 |
       Dungeon |   6674 |   6368 |    306 |   1584 |   3683 |   7 |  953.4 |
         Abyss |     79 |     79 |      0 |      0 |     56 |   1 |   79.0 |
               +--------+--------+--------+--------+--------+-----+--------+

Top non-repeatable levels by time:
     D:2: 1722 daAuts
     D:3: 1368 daAuts
     D:4: 942 daAuts
     D:5: 898 daAuts
     D:6: 864 daAuts
     D:1: 786 daAuts
     D:7: 90 daAuts
 Abyss:1: 79 daAuts
